Plume, neutral female human Valkyrie ---------- |........| --------------------------------- |...<....| #|................................ |.........######`|.----....-----@----|--..-----..| |........| [|.|..|---.|...-PP..|..|..|(((|..| |........| #..|..|..|.|._.|.|(.|..|..|(((|..| ----|----- ###|.-|-|..|.|...|.--------.|...|..| # # #|....|..|.|...|....-.%/|.--|--..| # ### |.{..-|--.----|....|.//|........| # # |..........-..|+--.-----..-----.| # ### |....-|--..|..| |........-...|.| ### # |.-+-|..|.----| |-|--....|...|.| # ### |.| |..|.|.!?|--|...|---.-----.| ---|-# |.| |---.-.?%|..|(((| +.......| |....# |.| |....|.!)|..|(((| |.......| |...| |.----....-----|---------.....{.| |...| |...............................| ----- --------------------------------- Plume the Fighter Experience level: 8 Strength: 18/01 Dexterity: 12 Constitution: 18 Intelligence: 8 Wisdom: 11 Charisma: 10 Health: 0(80) Energy: 20(20) Def: 16 Gold: 19 Moves: 5712 Dungeon seed: qOBOXO47KnQolhAX Game ID: Plume_1529947981 Your Inventory: Coins $ - 19 gold pieces Amulets X - an uncursed amulet of reflection Weapons d - the rustproof +0 Mjollnir (weapon in hand) P - 7 +0 daggers (in quiver) Armor e - a blessed +2 small shield (being worn) k - an uncursed +0 T-shirt (being worn) p - an uncursed +0 dwarvish iron helm (being worn) q - a blessed +3 pair of speed boots (being worn) t - an uncursed +0 cloak of endurance (being worn) y - an uncursed +0 dwarvish mithril-coat (being worn) Comestibles a - an uncursed tin of spinach m - an uncursed crocodile corpse Scrolls f - an uncursed scroll of scare monster Wands b - a wand of create monster (0:10) j - a wand of magic missile (0:4) Z - a wand of striking (0:5) Tools l - an uncursed oil lamp (0:861) o - an uncursed lock pick z - an uncursed sack C - an uncursed towel U - an uncursed bag of holding Spells and supernatural/magical abilities: Name Level Category Fail Memory i - invisibility 4 escape 100% 90% r - remove curse 3 clerical 100% 75% E - detect food 2 divination 100% 91% W - pray for help -- divine ? -- Your skills at the end: Miscellaneous Skills shield [Basic] wands [Basic] stealth [Basic] Weapon Skills dagger [Skilled] hammer [Basic] spear [Basic] Spellcasting Skills Final Attributes: You were devoutly aligned. You were cold resistant. You were poison resistant. You were telepathic. You could fly. You were very fast. You are dead. Vanquished creatures: 2 giant mimics a small mimic a large dog a crocodile 5 brown puddings a dog a blue jelly a dust vortex a gnome mummy a rope golem a soldier ant a yellow light an imp a baby crocodile a wood nymph a rock mole 2 rock piercers a fog cloud 2 shriekers a violet fungus 8 gnome lords 2 gnomish wizards a kobold mummy a guardian naga hatchling a gray ooze a ghoul a giant ant a floating eye 2 kittens 8 dwarves a homunculus an iguana 2 hill orcs 3 rothes 2 jitterbugs a giant bat an orc zombie a wererat 6 killer bees a coyote 11 hobbits 4 geckos a hobgoblin 8 giant rats a brown mold a yellow mold a red mold 27 gnomes 7 jackals 2 kobolds 9 newts 7 goblins 7 sewer rats 4 grid bugs 11 lichens 5 kobold zombies 178 creatures vanquished. Voluntary challenges: You did not cause conflict. You were not invisible. You did not have reflection. You were not displaced. You had been an atheist until turn 2447. You used a wielded weapon 234 times, starting on turn 2. You did not apply a unicorn horn. You did not use plumbed fixtures. You did not drink any magical draughts. You read items or engraved 35 times, starting on turn 643. You never genocided any monsters. You never polymorphed an object. You never changed form. You completed Sokoban on turn 5077, according to the rules. You used no wishes. You split 5 puddings, starting on turn 5477. You never wrote Elbereth's name. You never violated your personal moral code. Dungeon overview: The Dungeons of Doom: levels 1 to 7 Level 1 a long staircase Level 2 a fountain stairs to The Gnomish Mines Level 3 a fountain Level 4 some fountains Level 5 Level 6 a general store stairs to Sokoban Level 7 The Gnomish Mines: levels 3 to 6 Level 3 stairs to The Dungeons of Doom Level 4 Level 5 Level 6 <- You were here many shops, a temple to Odin, a magic chest, some fountains Sokoban: levels 2 to 5 Level 2 a magic chest Level 3 Level 4 Level 5 an altar to Odin, a magic chest stairs to The Dungeons of Doom History has recorded: On T:1 you entered the Dungeons of Doom to retrieve the Amulet of Yendor! On T:90 you reached level 2 of The Dungeons of Doom. On T:443 you reached level 3 of The Dungeons of Doom. On T:536 you reached level 1 of The Gnomish Mines. On T:558 you advanced to experience level 2. On T:692 you advanced to experience level 3. On T:706 you advanced to experience level 4. On T:1117 you advanced to experience level 5. On T:1204 you reached level 2 of The Gnomish Mines. On T:1495 you advanced to experience level 6. On T:1515 you reached level 3 of The Gnomish Mines. On T:1997 you reached level 4 of The Gnomish Mines. On T:2444 you advanced to experience level 7. On T:2445 you entered the Minetown temple On T:2471 you opened a magic chest. On T:2729 you prayed to Odin. On T:3214 you reached level 4 of The Dungeons of Doom. On T:3289 you reached level 5 of The Dungeons of Doom. On T:3539 you reached level 6 of The Dungeons of Doom. On T:3662 you reached level 4 of Sokoban. On T:3880 you reached level 3 of Sokoban. On T:4035 you reached level 2 of Sokoban. On T:4259 you reached level 1 of Sokoban. On T:4944 you advanced to experience level 8. On T:5077 you advanced to experience level 9. On T:5077 you entered the Sokoban zoo. On T:5220 you received Mjollnir from Odin. On T:5293 you reached level 7 of The Dungeons of Doom. Score breakdown: Gold: 19 ( 1 points) Experience: 8 levels ( 700 points) Exploration: 7 levels ( 180 points) Discoveries: 26 items ( 1300 points) Variety of kills: 56 monsters ( 2000 points) Major goal: finished Sokoban ( 1000 points) Survival: died (score multiplied by 3) Total score: 15543 Latest messages: You see here a crocodile corpse. m - a crocodile corpse. You stagger under your heavy load. Movement is very hard. There are a few objects here. The blood pudding bumps right into you! The blood pudding bites! You miss the blood pudding. The blood pudding bites! (2x) You miss the blood pudding. The blood pudding bites! (2x) You miss the blood pudding. The blood pudding bites! (2x) The massive hammer hits the blood pudding. The blood pudding divides as you hit it! Farvel level 9. The blood pudding bites! (2x) You die... The sack is empty. The bag of holding is empty. The sack is empty. The bag of holding is empty. Final status: Farvel Plume the Valkyrie, killed by a blood pudding... You died in The Gnomish Mines on dungeon level 6 with 15543 points, and 19 pieces of gold, after 5712 moves. You were level 8 with a maximum of 80 hit points when you died.